 Dungeon Crawl Stone Soup version 0.28-a0-938-gbc3f381ebc (webtiles) character file.

Game seed: 12951823798086412324

8 ytrimaz the Grave Robber (level 2, 0/19 HPs)
             Began as a Demonspawn Necromancer on Nov 28, 2021.
             Constricted to death by a ball python (1 damage)
             ... on level 1 of the Dungeon.
             The game lasted 00:00:53 (398 turns).

ytrimaz the Grave Robber (Demonspawn Necromancer)    Turns: 398, Time: 00:00:53

Health: 0/19       AC:  3    Str:  8    XL:     2   Next: 0%
Magic:  3/5        EV:  9    Int: 16    God:
Gold:   21         SH:  4    Dex: 13    Spells: 4/5 levels left

rFire   . . .      SeeInvis .   c - +0 dagger (venom)
rCold   . . .      Faith    .   (no shield)
rNeg    . . .      Spirit   .   a - +0 robe
rPois   .          Reflect  .   (no helmet)
rElec   .          Harm     .   f - +0 cloak
rCorr   .          Rampage  .   (no gloves)
Will    .....                   (no boots)
Stlth   ++........              (no amulet)
HPRegen 0.06/turn               (no ring)
MPRegen 0.09/turn               (no ring)

@: constricted
A: condensation shield
a: no special abilities


You were on level 1 of the Dungeon.
You visited 1 branch of the dungeon, and saw 1 of its levels.

You collected 21 gold pieces.

Inventory:

Hand Weapons
 c - a +0 dagger of venom (weapon)
Armour
 a - a +0 robe (worn)
 f - a +0 cloak (worn)
Potions
 d - a potion of haste {unknown}
 e - a potion of brilliance {unknown}


   Skills:
 - Level 1.7 Dodging
 - Level 1.8 Stealth
 + Level 2.1 Spellcasting
 + Level 4.8 Necromancy


You had 4 spell levels left.
You knew the following spells:

 Your Spells              Type           Power      Damage    Failure   Level
a - Pain                  Necr           68%        1d7       3%          1

Your spell library contained the following spells:

 Spells                   Type           Power      Damage    Failure   Level
 Animate Skeleton         Necr           34%        N/A       3%          1
 Vampiric Draining        Necr           17%        2d7       9%          3
 Animate Dead             Necr           8%         N/A       28%         4
 Agony                    Necr           17%        N/A       63%         5


Dungeon Overview and Level Annotations

Branches:
Dungeon (1/15)

Altars:


Innate Abilities, Weirdness & Mutations

A meltable shield of frost defends you. (SH +4)


Message History

Unknown command.
The ball python hisses angrily.
The hobgoblin closely misses you.
Your magical contamination has completely faded away.
The goblin shouts!
The ball python barely misses you. The ball python completely misses you.
The ball python misses you. The ball python barely misses you.
The goblin barely misses you. The endoplasm barely misses you.
The ball python bites you but does no damage.
The ball python grabs you. The ball python constricts you.
The frilled lizard unfolds its giant frill.
You escape the ball python's grasp.
You see here a +0 leather armour.
The hobgoblin closely misses you.
The endoplasm jiggles.
The ball python bites you but does no damage.
The ball python misses you.
There is an empty arch of ancient stone here.
The ball python bites you.
* * * LOW HITPOINT WARNING * * *
The ball python barely misses you.
You hit the ball python.
The ball python is moderately wounded.
The ball python misses you. x2
You closely miss the ball python.
The ball python is moderately wounded.
The ball python bites you.
* * * LOW HITPOINT WARNING * * *
You block the ball python's attack.
You hit the ball python but do no damage.
The ball python is poisoned.
The ball python is moderately wounded.
The ball python barely misses you. x3; The ball python misses you.
Unknown command.
You hit the ball python.
The ball python looks even sicker.
The ball python is severely wounded.
The ball python bites you.
* * * LOW HITPOINT WARNING * * *
The ball python grabs you. The ball python constricts you.
You die...

#.##.....[........#
##.#
#..#........[....##
#...##.#.∩..∩..∩..8...#
.....#.##.............#
.......##.............
.......∩l.∩..♣..8..∩
...###..##..######
#.###g###..# #
#.@SgJ.....# ######
##########.###.'...
#.##..'... #.##..'...
######### ###.##.#####
#.......###.#.#...# #
#..........#..(...#
#.#####..##.......#
#.#####..##......##


You could see an endoplasm, a hobgoblin, a goblin and a ball python (very
poisoned).

Vanquished Creatures
  2 bats (D:1)
  A giant cockroach (D:1)
  2 ball pythons (D:1)
  A frilled lizard (D:1)
  3 kobolds (D:1)
9 creatures vanquished.

Notes
Turn   | Place    | Note
-------+----------+-------------------------------------------
     0 | D:1      | ytrimaz the Demonspawn Necromancer began the quest for the
                  | Orb.
     0 | D:1      | Reached XP level 1. HP: 13/13 MP: 3/3
   363 | D:1      | Found a faded altar of an unknown god.
   365 | D:1      | Gained mutation: A meltable shield of frost defends you.
                  | (SH +4) [demonic ancestry]
   365 | D:1      | Reached XP level 2. HP: 16/19 MP: 3/5
   398 | D:1      | Constricted to death by a ball python

Illustrated notes

Levels and vault maps discovered:
D:1:      lemuel_arrival_funnel, layout_loops_corners,
          hellmonk_ecumenical_altar_arch_garden, nrook_mini_backslash,
          minmay_unequal

Action                   || total
-------------------------++-------
Melee: Dagger            ||     8
 Cast: Pain              ||    13
  Use: Scroll            ||     1
Armor: Robe              ||     3
Dodge: Dodged            ||    22
Block: Other             ||     3

Table legend: (Time is in decaauts)
 A = Elapsed time spent in this place.
 B = Non-inter-level travel time spent in this place.
 C = Inter-level travel time spent in this place.
 D = Time resting spent in this place.
 E = Time spent auto-exploring this place.
 F = Levels seen in this place.
 G = Mean time per level.
                   A        B        C        D        E       F      G
               +--------+--------+--------+--------+--------+-----+--------+
         Total |    397 |    372 |     25 |      0 |    274 |   1 |  397.0 |
       Dungeon |    397 |    372 |     25 |      0 |    274 |   1 |  397.0 |
               +--------+--------+--------+--------+--------+-----+--------+

Top non-repeatable levels by time:
     D:1: 397 daAuts
